 Dungeon Crawl Stone Soup version 0.21-a0-361-g4efd3f9 (webtiles) character file.

2739 Hasart the Frost Mage (level 9, -2/51 HPs)
             Began as an Octopode Ice Elementalist on Oct 13, 2017.
             Was an Initiate of Gozag.
             Slain by a wight
             ... wielding a cursed +3 scimitar
              (12 damage)
             ... on level 6 of the Dungeon.
             The game lasted 00:24:43 (8052 turns).

Hasart the Frost Mage (Octopode Ice Elementalist)   Turns: 8052, Time: 00:24:45

Health: -2/51      AC:  1    Str:  6 (7)  XL:     9   Next: 67%
Magic:  15/18      EV: 13    Int: 21      God:    Gozag
Gold:   650        SH:  4    Dex: 11 (12) Spells: 13/21 levels left

rFire    . . .     SeeInvis .   E - +3 war axe (freeze)
rCold    . . .     Gourm    .   (no shield)
rNeg     . . .     Faith    .   (helmet restricted)
rPois    .         Spirit   .   h - +4 amulet of reflection
rElec    .         Reflect  +   (no ring)
rCorr    .         Harm     .   (no ring)
MR       .....                  (no ring)
Stlth    +++.......             (no ring)
HPRegen  0.17/turn              (no ring)
MPRegen  0.16/turn              (no ring)
                                (no ring)
                                (no ring)

@: very slightly contaminated, drained
A: almost no armour, stealthy swim, amphibious, 8 rings, constrict 8, camouflage
1, gelatinous body 1
a: Potion Petition, Call Merchant, Bribe Branch, Renounce Religion


You were on level 6 of the Dungeon.
You worshipped Gozag.
Gozag was pleased with you.
You were not hungry.

You visited 1 branch of the dungeon, and saw 6 of its levels.

You collected 671 gold pieces.
You paid 21 gold pieces to Gozag.

Inventory:

Hand Weapons
 e - a +3 flail of protection
 E - a +3 war axe of freezing (weapon)
Jewellery
 h - a +4 amulet of reflection (around mantle)
Wands
 s - a wand of lightning (9/15)
 w - a wand of digging (13/24)
 x - a wand of disintegration (17/24)
Scrolls
 c - 5 scrolls of identify {unknown}
 g - a scroll of fog {unknown}
 j - a scroll of blinking {unknown}
 k - a scroll of enchant armour {unknown}
 l - a scroll of remove curse {unknown}
 o - a scroll of recharging {unknown}
 p - 2 scrolls of teleportation {unknown}
 q - a scroll of magic mapping {unknown}
 t - a scroll of enchant weapon {unknown}
 y - a scroll of amnesia {unknown}
 C - a scroll of fear {unknown}
 D - a scroll of silence {unknown}
Potions
 d - a potion of degeneration
 f - a potion of agility
 i - 2 potions of resistance {unknown}
 m - 2 potions of brilliance {unknown}
 n - a potion of curing
 r - a potion of ambrosia {unknown}
 u - a potion of mutation {unknown}
 v - 2 potions of heal wounds {unknown}
 z - a potion of lignification {unknown}
 A - a potion of haste
Books
 a - a book of Frost

   Spells                             Type                      Level
   a - Freeze                         Ice                          1
   b - Throw Frost                    Conjuration/Ice              2
   c - Ozocubu's Armour               Charms/Ice                   3
   d - Throw Icicle                   Conjuration/Ice              4
   e - Summon Ice Beast               Ice/Summoning                4
 B - the Tome of Clay and Poisoning
   (You found it on level 6 of the Dungeon)

   Spells                             Type                      Level
   a - Sandblast                      Earth                        1
   b - Passwall                       Transmutation/Earth          2
   c - Stone Arrow                    Conjuration/Earth            3
   d - Alistair's Intoxication        Transmutation/Poison         5
   e - Shatter                        Earth                        9
Comestibles
 b - 4 bread rations


   Skills:
 - Level 2.0(1.3) Dodging
 - Level 2.6(1.9) Stealth
 + Level 6.5(5.7) Spellcasting
 * Level 7.8(7.0) Conjurations
 + Level 8.4(7.6) Ice Magic


You had 13 spell levels left.
You knew the following spells:

 Your Spells              Type           Power        Failure   Level  Hunger
a - Freeze                Ice            ####         1%          1    None
b - Throw Icicle          Conj/Ice       #####...     4%          4    ####...
c - Ozocubu's Armour      Chrm/Ice       ###.....     6%          3    ##.....


Dungeon Overview and Level Annotations

Branches:
Dungeon (6/15)
 Temple: D:4-7

Altars:
Fedhas
Gozag
Makhleb
Qazlal
Ru
Sif Muna
Uskayaw
Zin


Innate Abilities, Weirdness & Mutations

You cannot wear most types of armour.
You are very stealthy in the water. (Stealth+)
You are amphibious.
You can wear up to eight rings at the same time.
You can use your tentacles to constrict eight enemies at once.
Your skin changes colour to match your surroundings (Stealth+).
Your rubbery body absorbs attacks. (AC +1, EV +1)


Message History

Found a long sword.
A wight is nearby!
You closely miss the wight. You grab the wight.
You constrict the wight, but do no damage.
The wight hits you with an enchanted scimitar!
You barely miss the wight. You constrict the wight.
The wight hits you with an enchanted scimitar!
You feel drained.
The wight hits you with an enchanted scimitar!
* * * LOW HITPOINT WARNING * * *
You feel drained.
* * * LOW HITPOINT WARNING * * *
Casting: Ozocubu's Armour
Confirm with . or Enter, or press ? or * to list all spells.
You miscast Ozocubu's Armour.
You are very lightly contaminated with residual magic.
A chill runs through your body.
You constrict the wight.
The wight hits you with an enchanted scimitar!
You die...
Your body crumbles into a pile of gold.

.# ##.# ....###..## #
#..#..#.### #...#.##...
#.#........ ## ##
#......##.. . #.
##....####.. ####.
#..####....).###..
....###z.........#.##..
#..#@#####...........
#.#.#######....######
#.............##
###############


You could see a wight.

Vanquished Creatures
  Pikel (D:5)
  Grinder (D:6)
  A hippogriff (D:6)
  Eustachio (D:5)
  Menkaure (D:6)
  2 slaves (D:5)
  A centaur (D:6)
  An ogre (D:5)
  2 bullfrogs
  A scorpion (D:4)
  6 wights
  A howler monkey (D:5)
  2 crimson imps
  A centaur zombie (D:5)
  A quasit (D:5)
  A jelly (D:5)
  2 bullfrog skeletons
  7 hounds
  4 orc wizards (D:6)
  Ijyb (D:4)
  An iguana (D:4)
  2 worker ants
  A hound zombie (D:5)
  A hound skeleton (D:5)
  A worker ant zombie (D:6)
  A howler monkey skeleton (D:3)
  12 gnolls
  8 adders
  A shadow imp (D:6)
  2 oozes
  5 worms
  3 dart slugs
  A leopard gecko (D:2)
  14 orcs
  2 ball pythons
  6 bats
  8 giant cockroaches
  5 goblins
  5 hobgoblins
  7 jackals
  4 kobolds
  A quokka (D:2)
  3 frilled lizards (D:2)
  A leopard gecko skeleton (D:4)
  A quokka skeleton (D:2)
  7 rats
141 creatures vanquished.

Notes
Turn   | Place    | Note
-------+----------+-------------------------------------------
     0 | D:1      | Hasart the Octopode Ice Elementalist began the quest for the Orb.
     0 | D:1      | Reached XP level 1. HP: 11/11 MP: 3/3
    92 | D:1      | Reached XP level 2. HP: 17/17 MP: 5/5
   708 | D:2      | Reached XP level 3. HP: 6/21 MP: 1/6
   975 | D:2      | Reached skill level 4 in Ice Magic
  1029 | D:2      | Found a sacrificial altar of Ru.
  1200 | D:2      | Reached XP level 4. HP: 18/27 MP: 6/8
  1764 | D:2      | Noticed a bullfrog
  1772 | D:2      | HP: 1/27 [bullfrog (1)]
  1773 | D:2      | Killed a bullfrog
  1773 | D:2      | Reached skill level 5 in Ice Magic
  1773 | D:2      | Reached XP level 5. HP: 1/31 MP: 2/9
  2088 | D:2      | Learned a level 4 spell: Throw Icicle
  2092 | D:2      | Learned a level 3 spell: Ozocubu's Armour
  2869 | D:3      | Reached XP level 6. HP: 36/36 MP: 11/11
  2931 | D:3      | Found a blossoming altar of Fedhas.
  3038 | D:3      | Found an opulent altar of Gozag.
  3044 | D:3      | Became a worshipper of Gozag Ym Sagoz the Greedy
  3698 | D:4      | Reached skill level 6 in Ice Magic
  3986 | D:4      | Reached XP level 7. HP: 24/41 MP: 9/13
  4182 | D:4      | Found a hide-covered altar of Uskayaw.
  4190 | D:4      | Found the +2 pair of boots of the Assassin {Detection Stab+ Stlth++}
  4202 | D:4      | Noticed a cacodemon
  4203 | D:4      | Found a burning altar of Makhleb.
  4206 | D:4      | Found a glowing silver altar of Zin.
  4206 | D:4      | Noticed an angel
  4414 | D:4      | Noticed Ijyb
  4425 | D:4      | Killed Ijyb
  4639 | D:5      | Entered Level 5 of the Dungeon
  5010 | D:5      | Noticed Eustachio
  5123 | D:5      | Killed Eustachio
  5123 | D:5      | Reached skill level 7 in Ice Magic
  5123 | D:5      | Reached XP level 8. HP: 10/46 MP: 0/15
  5362 | D:5      | Found a stormy altar of Qazlal.
  5429 | D:5      | Found a deep blue altar of Sif Muna.
  5547 | D:5      | Reached skill level 5 in Spellcasting
  5819 | D:5      | Noticed Pikel
  5828 | D:5      | Killed Pikel
  6232 | D:6      | Noticed a hippogriff
  6243 | D:6      | Killed a hippogriff
  6243 | D:6      | Reached XP level 9. HP: 19/51 MP: 6/17
  6438 | D:6      | Noticed Grinder
  6438 | D:6      | Paralysed by Grinder for 2 turns
  6758 | D:6      | Reached skill level 8 in Ice Magic
  7071 | D:6      | Killed Grinder
  7423 | D:6      | Identified the Tome of Clay and Poisoning
  7425 | D:6      | Noticed Menkaure
  7583 | D:6      | Killed Menkaure
  7583 | D:6      | HP: 2/51 [gnoll/spear (11)]
  8052 | D:6      | Slain by a wight

Vault maps used:
D:1:      eino_arrival_water_cross, grunt_decor_fettered
D:2:      nicolae_overflow_hidden_temple, first_bread, minmay_heptomino_l4
D:3:      grunt_gozag_statues, fedhas_altar_1
D:4:      grunt_temple_overflow_order_and_chaos_2, lemuel_doored_altar,
          serial_bayou, serial_bayou_ford_a, serial_bayou_pond_c,
          serial_bayou_pond_c, serial_bayou_pond_e, uniq_ijyb
D:5:      kennysheep_mini_moat, grunt_qazlal_clouds, uniq_eustachio, uniq_pikel
D:6:      kennysheep_big_empty_room, hangedman_decor_riveting, uniq_grinder,
          uniq_menkaure

Skill      XL: |  1  2  3  4  5  6  7  8  9 |
---------------+----------------------------+-----
Ice Magic      | 4 5 6 7 8 |  8.4
Spellcasting   | 3 4 5 6 |  6.5
Conjurations   | 4 6 7 |  7.8
Dodging        | |  2.0
Stealth        | |  2.6

Action                   |  1- 3 |  4- 6 |  7- 9 || total
-------------------------+-------+-------+-------++-------
Melee: Whip              |    43 |     1 |       ||    44
       Constrict         |    15 |    23 |    40 ||    78
       Tentacles         |    10 |     9 |    33 ||    52
       Unarmed           |     2 |       |       ||     2
       Spear             |       |    16 |       ||    16
       Flail             |       |    56 |   126 ||   182
       War axe           |       |       |    39 ||    39
 Cast: Freeze            |    18 |    54 |    58 ||   130
       Ozocubu's Armour  |       |     3 |    18 ||    21
       Throw Icicle      |       |       |     7 ||     7
Invok: Potion Petition   |       |       |     1 ||     1
  Use: Potion            |       |       |     5 ||     5
 Stab: Sleeping          |     4 |    10 |    10 ||    24
       Distracted        |       |     2 |     1 ||     3
  Eat: Chunk             |     1 |     7 |       ||     8
       Meat ration       |       |     1 |     2 ||     3
       Royal jelly       |       |     1 |     1 ||     2
Armor: Skin              |    10 |    11 |    96 ||   117
Dodge: Dodged            |    52 |    61 |   166 ||   279
Block: Other             |     5 |    19 |    55 ||    79
       Reflection        |       |       |     1 ||     1

Table legend:
 A = Spawn XP
 B = Non-spawn XP
 C = Spawn XP percentage of total XP
 D = Spawn monster count
 E = Non-spawn monster count
 F = Spawn count percentage of total count
 G = Total turns spent on level
                    A         B        C        D         E        F      G
               +---------+---------+-------+---------+---------+-------+---------
         Total |       0 |    3913 |   0.0 |       0 |     139 |   0.0 |  8052
               +---------+---------+-------+---------+---------+-------+---------
           D:1 |       0 |      28 |   0.0 |       0 |      15 |   0.0 |   688
           D:2 |       0 |     250 |   0.0 |       0 |      33 |   0.0 |  2018
           D:3 |       0 |     115 |   0.0 |       0 |      23 |   0.0 |   902
           D:4 |       0 |     429 |   0.0 |       0 |      17 |   0.0 |  1031
           D:5 |       0 |    1541 |   0.0 |       0 |      21 |   0.0 |  2330
           D:6 |       0 |    1550 |   0.0 |       0 |      30 |   0.0 |  1083
               +---------+---------+-------+---------+---------+-------+---------
